 Dungeon Crawl Stone Soup version 0.27-a0-1612-gde56a17b89 (webtiles) character file.

Game seed: 74698197812343477

370 robertstho the Sneak (level 6, 0/43 HPs)
             Began as an Octopode Berserker on July 21, 2021.
             Was a Priest of Trog.
             Slain by a water moccasin (8 damage)
             ... on level 4 of the Dungeon.
             The game lasted 00:03:34 (3934 turns).

robertstho the Sneak (Octopode Berserker)           Turns: 3934, Time: 00:03:34

Health: 0/43       AC:  1    Str: 18    XL:     6   Next: 70%
Magic:  6/6        EV: 14    Int:  9    God:    Trog [***...]
Gold:   82         SH:  0    Dex: 12    Spells: 5/5 levels left

rFire    . . .     SeeInvis .     - Unarmed
rCold    . . .     Faith    .   (no shield)
rNeg     . . .     Spirit   .   (helmet restricted)
rPois    .         Reflect  .   (no amulet)
rElec    .         Harm     .   (no ring)
rCorr    .         Rampage  .   (no ring)
Will     .....                  (no ring)
Stlth    ++++......             (no ring)
HPRegen  0.14/turn              (no ring)
MPRegen  0.10/turn              (no ring)
                                (no ring)
                                (no ring)

@: lethally poisoned (0 -> -16)
A: almost no armour, amphibious, 8 rings, camouflage 1, gelatinous body 1,
(nimble swimmer 1), tentacles
a: Renounce Religion, Berserk, Trog's Hand


You were on level 4 of the Dungeon.
You worshipped Trog.
Trog was most pleased with you.
You visited 1 branch of the dungeon, and saw 4 of its levels.

You collected 182 gold pieces.
You spent 100 gold pieces at shops.

Inventory:

Hand Weapons
 m - a +2 short sword of holy wrath
Missiles
 n - a throwing net (quivered)
Wands
 g - a wand of flame (22)
Scrolls
 b - 2 scrolls of blinking
 c - 2 scrolls of teleportation
 e - a scroll of fog
 l - a scroll of vulnerability
Potions
 a - 3 potions of curing
 d - 2 potions of attraction {unknown}
 f - a potion of resistance {unknown}
 h - 2 potions of invisibility {unknown}
 i - a potion of lignification
 j - a potion of brilliance
 k - a potion of mutation {unknown}


   Skills:
 * Level 4.0 Fighting
 + Level 3.5 Dodging
 * Level 5.2 Stealth
 * Level 5.1 Unarmed Combat


You had 5 spell levels left.
You didn't know any spells.
Your spell library was empty.

Dungeon Overview and Level Annotations

Branches:
Dungeon (4/15)
 Temple: D:4-7

Altars:

Shops:
D:2 !


Innate Abilities, Weirdness & Mutations

You cannot wear most types of armour.
You are amphibious.
You can wear up to eight rings at the same time.
Your skin changes colour to match your surroundings (Stealth+).
Your rubbery body absorbs attacks. (AC +1, EV +1)
((You are camouflaged near water. (Stealth+)))
You have tentacles for arms and can constrict up to eight enemies at once.


Message History

There is an open door here.
A water moccasin and a gnoll come into view.
There are monsters nearby!
There are monsters nearby!
There are monsters nearby!
There are monsters nearby!
The water moccasin hisses angrily.
You hear a shout!
A gnoll comes into view. It is wielding a +0 whip.
A gnoll comes into view. It is wielding a +0 spear.
A gnoll comes into view. It is wielding a +0 club.
You barely miss the water moccasin.
The gnoll shouts! x3
Your grab misses the water moccasin. Your squeeze misses the water moccasin.
The water moccasin closely misses you.
You tentacle-slap the water moccasin. You grab the water moccasin.
You squeeze the water moccasin!
The water moccasin is heavily wounded.
You constrict the water moccasin. The water moccasin closely misses you.
The water moccasin barely misses you.
Unknown command.
You release your grip on the water moccasin.
The gnoll throws a throwing net.
The throwing net hits you.
You become entangled in the net!
You see here a throwing net.
You struggle against the net.
The water moccasin bites you!
You are poisoned.
The water moccasin poisons you!
You tear a large gash into the net.
You feel very sick. The water moccasin bites you.
You are lethally poisoned!
The water moccasin poisons you! The water moccasin bites you.
You rip the net and break free!
You feel very sick.
The water moccasin completely misses you.
The gnoll hits you from afar with a +0 spear!
* * * LOW HITPOINT WARNING * * *
You feel very sick. The water moccasin bites you!
You die...

......##..#########
.#.#####..# .#..# #..#
.##.####..#####
..............#
###..####.###.#
............#'############
####..###.#...............
..#.......#.....@Sg.......
#.#.#..##.#......gg.......
#.#.##.##.#.#.####g.......
#.#.##..#.#.#.# #........
#.#.###.#.#.#.# #........
#.#.# #...#.#.# #########
#.#<# ##..#.#.#
#.######..# #......).>#


You could see a water moccasin and 4 gnolls.

Vanquished Creatures
  Eustachio (D:4)
  A bullfrog skeleton (D:4)
  5 gnolls
  5 adders
  2 worms
  5 dart slugs
  An orc (D:4)
  4 bats
  6 endoplasms
  A giant cockroach (D:3)
  8 goblins
  12 hobgoblins
  14 jackals
  5 quokkas
  5 ball pythons
  3 frilled lizards
  5 kobolds
  6 rats
89 creatures vanquished.

Notes
Turn   | Place    | Note
-------+----------+-------------------------------------------
     0 | D:1      | robertstho the Octopode Berserker began the quest for the
                  | Orb.
     0 | D:1      | Reached XP level 1. HP: 16/16 MP: 1/1
    21 | D:1      | Reached XP level 2. HP: 19/21 MP: 2/2
   131 | D:1      | Reached skill level 1 in Stealth
   194 | D:1      | Found a faded altar of an unknown god.
   245 | D:1      | Reached XP level 3. HP: 26/26 MP: 3/3
   562 | D:1      | Reached ** piety under Trog
  1053 | D:2      | Reached XP level 4. HP: 27/31 MP: 4/4
  1340 | D:2      | You fall into a shaft and drop 1 floor!
  1508 | D:3      | Reached XP level 5. HP: 37/37 MP: 5/5
  2028 | D:3      | You fall into a shaft and drop 1 floor!
  2028 | D:4      | Noticed Eustachio
  2038 | D:4      | Killed Eustachio
  2039 | D:4      | Reached XP level 6. HP: 19/43 MP: 6/6
  2695 | D:2      | Reached *** piety under Trog
  2706 | D:2      | Reached skill level 5 in Unarmed Combat
  2910 | D:2      | Found Ishubi's Distillery.
  2915 | D:2      | Bought a potion of lignification for 30 gold pieces
  2915 | D:2      | Bought a potion of curing for 30 gold pieces
  2915 | D:2      | Bought a potion of brilliance for 40 gold pieces
  3307 | D:2      | Reached skill level 5 in Stealth
  3924 | D:4      | Noticed a water moccasin
  3934 | D:4      | Slain by a water moccasin

Illustrated notes

Levels and vault maps discovered:
D:1:      minmay_arrival_four_circles, layout_rooms,
          ebering_ecumenical_altar_hall, wander_ebering_terrifying_dragon_lair
D:2:      layout_loops_ring, serial_shops, shop_statue, grunt_ministairs_3,
          minivault_23
D:3:      layout_basic, st_stairs_5, hangedman_decor_slide_cut,
          minmay_misc_feat_tiny
D:4:      layout_basic, uniq_eustachio

Skill      XL: |  1  2  3  4  5  6 |
---------------+-------------------+-----
Stealth        | 1 2 4 5 |  5.2
Unarmed Combat | 4 5 |  5.1
Fighting       | 4 |  4.0
Dodging        | |  3.5

Action                   |  1- 3 |  4- 6 || total
-------------------------+-------+-------++-------
Melee: Unarmed           |    62 |   119 ||   181
       Constrict         |    15 |    21 ||    36
       Tentacles         |    11 |    22 ||    33
       Punch             |     2 |     2 ||     4
Invok: Berserk           |     2 |     2 ||     4
  Use: Scroll            |       |     4 ||     4
 Stab: Sleeping          |     5 |    19 ||    24
       Distracted        |       |     1 ||     1
Armor: Skin              |     4 |     6 ||    10
Dodge: Dodged            |    34 |    80 ||   114

Table legend: (Time is in decaauts)
 A = Elapsed time spent in this place.
 B = Non-inter-level travel time spent in this place.
 C = Inter-level travel time spent in this place.
 D = Time resting spent in this place.
 E = Time spent auto-exploring this place.
 F = Levels seen in this place.
 G = Mean time per level.
                   A        B        C        D        E       F      G
               +--------+--------+--------+--------+--------+-----+--------+
         Total |   3952 |   3858 |     94 |    600 |   2768 |   4 |  988.0 |
       Dungeon |   3952 |   3858 |     94 |    600 |   2768 |   4 |  988.0 |
               +--------+--------+--------+--------+--------+-----+--------+

Top non-repeatable levels by time:
     D:2: 1335 daAuts
     D:3: 1073 daAuts
     D:1: 862 daAuts
     D:4: 681 daAuts
